 Dungeon Crawl Stone Soup version 0.21-a0-394-gdc75ea7 (webtiles) character file.

172 goodnight the Fighter (level 5, -1/76 HPs)
             Began as a Gnoll Wanderer on Oct 18, 2017.
             Slain by a worker ant (3 damage)
             ... on level 4 of the Dungeon.
             The game lasted 00:04:41 (3232 turns).

goodnight the Fighter (Gnoll Wanderer)              Turns: 3232, Time: 00:04:42

Health: -1/76      AC: 22    Str: 17    XL:     5   Next: 53%
Magic:  7/7        EV:  2    Int: 15    God:
Gold:   131        SH:  0    Dex: 20    Spells: 7/7 levels left

rFire    . . .     SeeInvis .   a - +2 mace
rCold    . . .     Gourm    .   (no shield)
rNeg     + + +     Faith    .   (armour currently unavailable)
rPois    +         Spirit   .   (helmet currently unavailable)
rElec    .         Reflect  .   (cloak currently unavailable)
rCorr    .         Harm     .   (gloves currently unavailable)
MR       .....     NoTele   +   (boots currently unavailable)
Stlth    ++++......             (no amulet)
HPRegen  0.22/turn              j - +3 ring of dexterity
MPRegen  0.10/turn              (no ring)

@: agile, lethally poisoned (-1 -> -4), tree-form
A: distributed training, repulsion field 1, strong nose
a: no special abilities


You were on level 4 of the Dungeon.
You were hungry.
You were a tree.
You visited 1 branch of the dungeon, and saw 4 of its levels.

You collected 131 gold pieces.

Inventory:

Hand Weapons
 a - a +2 mace (weapon)
 b - a +0 shortbow
 m - a +0 hunting sling
 n - a cursed -2 hunting sling
 v - a +0 morningstar
Missiles
 c - 70 arrows
 k - 43 stones (quivered)
 o - 17 bolts
 t - a throwing net
Armour
 e - a +0 robe
 y - a +0 chain mail (melded)
 A - the cursed +0 cloak of the Komtur {rF+ MR- Int+4, unknown}
   (You found it on level 4 of the Dungeon)

   It affects your intelligence (+4).
   It protects you from fire.
   It affects your resistance to hostile enchantments.
   It has a curse placed upon it.
Jewellery
 j - a +3 ring of dexterity (left branch)
Scrolls
 g - a scroll of blinking {unknown}
 l - a scroll of fear {unknown}
 p - 2 scrolls of identify
 q - a scroll of recharging {unknown}
 u - a scroll of fog {unknown}
 x - a scroll of random uselessness {unknown}
 B - a scroll of teleportation {unknown}
Potions
 h - 2 potions of degeneration
Comestibles
 f - 3 bread rations
 i - 2 meat rations
 s - a royal jelly
 z - 3 chunks of flesh


   Skills:
 + Level 8.6 Fighting
 + Level 1.5 Short Blades
 + Level 1.5 Long Blades
 + Level 3.0 Axes
 + Level 3.0 Maces & Flails
 + Level 1.5 Polearms
 + Level 1.5 Staves
 + Level 1.5 Slings
 + Level 1.5 Bows
 + Level 1.5 Crossbows
 + Level 1.5 Throwing
 + Level 4.8 Armour
 + Level 1.5 Dodging
 + Level 2.8 Stealth
 + Level 3.0 Shields
 + Level 1.5 Unarmed Combat
 + Level 1.5 Spellcasting
 + Level 1.2 Conjurations
 + Level 1.2 Hexes
 + Level 1.2 Charms
 + Level 1.2 Summonings
 + Level 1.2 Necromancy
 + Level 1.2 Translocations
 + Level 1.2 Transmutations
 + Level 1.2 Fire Magic
 + Level 1.2 Ice Magic
 + Level 1.2 Air Magic
 + Level 1.2 Earth Magic
 + Level 1.2 Poison Magic
 + Level 1.7 Invocations
 + Level 1.5 Evocations


You had 7 spell levels left.
You didn't know any spells.

Dungeon Overview and Level Annotations

Branches:
Dungeon (4/15)
 Temple: D:4-7

Altars:


Innate Abilities, Weirdness & Mutations

Your experience applies equally to all skills.
((You have very sharp teeth.))
Your uncanny sense of smell can sniff out nearby items.
You are surrounded by a mild repulsion field. (EV +2)
((You are occasionally teleported next to monsters.))


Message History

You feel sick. The hound bites you but does no damage.
The scorpion barely misses you. The hound bites you but does no damage.
The worker ant bites you.
* * * LOW HITPOINT WARNING * * *
You closely miss the worker ant.
* * * LOW HITPOINT WARNING * * *
You feel sick. The hound bites you but does no damage.
The phantom blinks!
The scorpion stings you but does no damage.
The worker ant bites you but does no damage.
The hound barely misses you.
Okay, then.
Unknown command.
You aren't carrying any items that you can evoke.
Unknown command.
You closely miss the worker ant.
The worker ant bites you but does no damage.
The hound bites you but does no damage.
The scorpion stings you but does no damage.
The worker ant bites you.
You die...

.........#........#####.
.......§.#........# .
.........#........# o
.........####.....+ o
..../.....o.o.#...# o
.......o...o..#...# .
...###o#.....##### .
#s####....# #♣# #....#
#ha.......# ..........+
...........#
...#..##..... ##.. #.#
.. #.. .. # ... #.#


You could see a scorpion, a hound, a worker ant and 2 orcs.

Vanquished Creatures
  2 worker ants (D:4)
  5 adders
  2 worms
  A dart slug (D:3)
  2 leopard geckos
  6 orcs
  3 ball pythons
  2 bat zombies (D:1)
  5 giant cockroaches
  8 goblins
  8 hobgoblins
  A quokka (D:4)
  5 bats
  2 frilled lizards
  A jackal skeleton (D:4)
  3 kobolds
  8 rats
64 creatures vanquished.

Notes
Turn   | Place    | Note
-------+----------+-------------------------------------------
     0 | D:1      | goodnight the Gnoll Wanderer began the quest for the Orb.
     0 | D:1      | goodnight set off with: a +2 mace, a +0 shortbow, 24 arrows, a potion of lignification, a +0 robe, a bread ration
     0 | D:1      | Reached XP level 1. HP: 26/26 MP: 1/1
   194 | D:1      | Reached XP level 2. HP: 33/33 MP: 2/2
   871 | D:2      | Reached XP level 3. HP: 26/38 MP: 3/3
  1292 | D:2      | Found a faded altar of an unknown god.
  1436 | D:2      | Reached skill level 1 in Invocations
  2048 | D:3      | Reached skill level 1 in Short Blades
  2048 | D:3      | Reached skill level 1 in Long Blades
  2048 | D:3      | Reached skill level 1 in Polearms
  2048 | D:3      | Reached skill level 1 in Staves
  2048 | D:3      | Reached skill level 1 in Slings
  2048 | D:3      | Reached skill level 1 in Bows
  2048 | D:3      | Reached skill level 1 in Crossbows
  2048 | D:3      | Reached skill level 1 in Throwing
  2048 | D:3      | Reached skill level 1 in Dodging
  2048 | D:3      | Reached skill level 1 in Unarmed Combat
  2048 | D:3      | Reached skill level 1 in Spellcasting
  2048 | D:3      | Reached skill level 1 in Evocations
  2055 | D:3      | Reached XP level 4. HP: 33/45 MP: 5/5
  2400 | D:3      | Reached skill level 1 in Conjurations
  2400 | D:3      | Reached skill level 1 in Hexes
  2400 | D:3      | Reached skill level 1 in Charms
  2400 | D:3      | Reached skill level 1 in Summonings
  2400 | D:3      | Reached skill level 1 in Necromancy
  2400 | D:3      | Reached skill level 1 in Translocations
  2400 | D:3      | Reached skill level 1 in Transmutations
  2400 | D:3      | Reached skill level 1 in Fire Magic
  2400 | D:3      | Reached skill level 1 in Ice Magic
  2400 | D:3      | Reached skill level 1 in Air Magic
  2400 | D:3      | Reached skill level 1 in Earth Magic
  2400 | D:3      | Reached skill level 1 in Poison Magic
  3110 | D:4      | Got an encrusted cloak
  3134 | D:4      | Reached XP level 5. HP: 45/51 MP: 5/7
  3177 | D:4      | Noticed a phantom
  3227 | D:4      | Gained mutation: You are occasionally teleported next to monsters. [potion of mutation]
  3227 | D:4      | Gained mutation: You are surrounded by a mild repulsion field. (EV +2) [potion of mutation]
  3230 | D:4      | HP: 2/76 [worker ant (2)]
  3232 | D:4      | Slain by a worker ant

Vault maps used:
D:1:      saegor_arrival_fortress
D:2:      chequers_ecumenical_altar_island
D:4:      vehumet_crystals, minmay_temple_entry_statues_fountains, first_bread,
          minmay_misc_feat_four_crosses, uniq_duvessa

Skill      XL: |  1  2  3  4  5 |
---------------+----------------+-----
Invocations    | 1 |  1.7
Short Blades   | 1 |  1.5
Long Blades    | 1 |  1.5
Polearms       | 1 |  1.5
Staves         | 1 |  1.5
Slings         | 1 |  1.5
Bows           | 1 |  1.5
Crossbows      | 1 |  1.5
Throwing       | 1 |  1.5
Dodging        | 1 |  1.5
Unarmed Combat | 1 |  1.5
Spellcasting   | 1 |  1.5
Evocations     | 1 |  1.5
Conjurations   | 1 |  1.2
Hexes          | 1 |  1.2
Charms         | 1 |  1.2
Summonings     | 1 |  1.2
Necromancy     | 1 |  1.2
Translocations | 1 |  1.2
Transmutations | 1 |  1.2
Fire Magic     | 1 |  1.2
Ice Magic      | 1 |  1.2
Air Magic      | 1 |  1.2
Earth Magic    | 1 |  1.2
Poison Magic   | 1 |  1.2
Axes           | 3 |  3.0
Maces & Flails | 3 |  3.0
Shields        | 3 |  3.0
Fighting       | |  8.6
Armour         | |  4.8
Stealth        | |  2.8

Action                   |  1- 3 |  4- 6 || total
-------------------------+-------+-------++-------
Melee: Mace              |    95 |    97 ||   192
       Bite              |    10 |    10 ||    20
  Use: Scroll            |     2 |       ||     2
       Potion            |       |     3 ||     3
 Stab: Sleeping          |     2 |     2 ||     4
  Eat: Chunk             |     4 |     3 ||     7
Armor: Robe              |    23 |     8 ||    31
       Chain mail        |       |    61 ||    61
       Skin              |       |    11 ||    11
Dodge: Dodged            |    55 |    65 ||   120

Table legend:
 A = Spawn XP
 B = Non-spawn XP
 C = Spawn XP percentage of total XP
 D = Spawn monster count
 E = Non-spawn monster count
 F = Spawn count percentage of total count
 G = Total turns spent on level
                    A         B        C        D         E        F      G
               +---------+---------+-------+---------+---------+-------+---------
         Total |       0 |     247 |   0.0 |       0 |      64 |   0.0 |  3232
               +---------+---------+-------+---------+---------+-------+---------
           D:1 |       0 |      24 |   0.0 |       0 |      13 |   0.0 |   845
           D:2 |       0 |      50 |   0.0 |       0 |      21 |   0.0 |  1200
           D:3 |       0 |      85 |   0.0 |       0 |      19 |   0.0 |  1038
           D:4 |       0 |      88 |   0.0 |       0 |      11 |   0.0 |   149
               +---------+---------+-------+---------+---------+-------+---------
